[Event "Titled Tuesday Blitz July 13 2021"]
[White "Novoselski, Zoran"]
[Black "Stoyanov, Tsvetan"]
[WhiteFideId "901970"]
[BlackFideId "2917173"]
[WhiteElo "2327"]
[BlackElo "2198"]
[Result "0-1"]
[Round "08"]
[TimeControl "180+1"]
[Date "2021.07.13"]
[WhiteClock "0:00:01"]
[BlackClock "0:00:12"]

1. e4 c5 2. Nf3 d6 3. Bb5+ Nd7 4. c3 a6 5. Ba4 b5 6. Bc2 Bb7 7. O-O g6 8. d4 Bg7 9. Re1 Qc7 10. a4 e5 11. axb5 axb5 12. Rxa8+ Bxa8 13. Na3 Qb6 14. dxc5 dxc5 15. b4 cxb4 16. cxb4 Bc6 17. Bb2 Ne7 18. Qd6 Nc8 19. Qd2 O-O 20. Bb3 Qb7 21. Ng5 h6 22. Nxf7 Rxf7 23. Qd3 Kf8 24. Bxf7 Kxf7 25. Qb3+ Kf8 26. Qe6 Ne7 27. Rd1 Qc8 28. f4 Qc7 29. f5 gxf5 30. exf5 Qb6+ 31. Kh1 Qf2 32. Rg1 Qxb2 33. Nb1 Bxg2+ 34. Rxg2 Qxb1+ 35. Rg1 Qe4+ 36. Rg2 Nf6 37. h3 Nxf5 38. Qc8+ Kf7 39. Qc7+ Ne7 40. Kh2 Qf4+ 41. Kh1 Nd5 42. Qc2 Ne3 43. Qa2+ Qc4 44. Rf2+ Ke6 45. Qb1 N7f5 46. Ra2 Qd5+ 47. Kh2 e4 48. Ra7 Be5+ 49. Kg1 Qd2 50. Qb3+ Nc4 0-1


[Site "https://www.chess.com"]

[Event "Titled Tuesday Blitz July 13 2021"]
[White "Obolentseva, Alexandra"]
[Black "Cornette, Matthieu"]
[WhiteFideId "24153648"]
[BlackFideId "620084"]
[WhiteElo "2113"]
[BlackElo "2500"]
[Result "1-0"]
[Round "08"]
[TimeControl "180+1"]
[Date "2021.07.13"]
[WhiteClock "0:00:29"]
[BlackClock "0:00:05"]

1. d4 Nf6 2. c4 b6 3. Nc3 Bb7 4. Qc2 d5 5. cxd5 Nxd5 6. e4 Nxc3 7. bxc3 e5 8. Nf3 exd4 9. cxd4 Bb4+ 10. Bd2 Bxd2+ 11. Kxd2 O-O 12. Bd3 c5 13. d5 Nd7 14. Rhe1 Rc8 15. Bb5 Nf6 16. Ke2 c4 17. Nd4 Nxd5 18. exd5 Qxd5 19. Qc3 a6 20. Ba4 b5 21. Bc2 b4 22. Qh3 g6 23. Nf3 b3 24. Rad1 Rfe8+ 25. Kf1 Rxe1+ 26. Nxe1 bxc2 27. Rxd5 c1=Q 28. Rd7 Be4 29. Rd4 Re8 30. Qd7 Bc6 31. Rd1 Qc2 32. Nxc2 Bxd7 33. Rxd7 1-0


[Site "https://www.chess.com"]

[Event "Titled Tuesday Blitz July 13 2021"]
[White "Odegov, Artem"]
[Black "Buscar, Michael"]
[WhiteFideId "34183644"]
[BlackFideId "2603616"]
[WhiteElo "2288"]
[BlackElo "2010"]
[Result "1-0"]
[Round "08"]
[TimeControl "180+1"]
[Date "2021.07.13"]
[WhiteClock "0:00:29"]
[BlackClock "0:00:06"]

1. d4 Nf6 2. c4 e6 3. Nf3 c5 4. d5 exd5 5. cxd5 d6 6. Nc3 g6 7. Nd2 Bg7 8. Nc4 O-O 9. Bf4 Ne8 10. Qd2 a6 11. a4 Qe7 12. Nb6 Bf5 13. Nxa8 Nd7 14. g3 Nef6 15. Nc7 Ne4 16. Qc1 Ndf6 17. Bg2 Qxc7 18. O-O Re8 19. Nxe4 Bxe4 20. f3 Bxd5 21. e4 Bc6 22. Rd1 Rd8 23. Qxc5 Ne8 24. Qc2 Qb6+ 25. Kh1 Qxb2 26. Qxb2 Bxb2 27. Rab1 Bxa4 28. Rf1 Be5 29. Rxb7 Bb5 30. Rd1 Ra8 31. Bxe5 dxe5 32. f4 exf4 33. gxf4 Rc8 34. e5 Ng7 35. Ra7 Ne6 36. Bb7 Rc7 37. Ra8+ Kg7 38. Be4 Nxf4 39. Rad8 Re7 40. Bf3 Rxe5 41. R8d4 Ne6 42. R4d2 h5 43. Ra1 Rf5 44. Be4 Rf4 45. Bd5 Nc5 46. Rc2 Ne4 47. Bb7 Nf2+ 48. Kg2 Ng4 49. Kg1 Rf6 50. Rca2 Ne3 51. Bxa6 Bxa6 52. Rxa6 Rxa6 53. Rxa6 Nf5 54. Kf2 Nh6 55. h3 Nf5 56. Kf3 Nd4+ 57. Kf4 Ne6+ 58. Ke5 Nc5 59. Ra7 Ne6 60. h4 Nf8 61. Ra1 Ne6 62. Kd6 Nf4 63. Ra4 Ne6 64. Ke7 Nc5 65. Rf4 Ne6 66. Rxf7+ Kh6 67. Kxe6 g5 68. Rf6+ Kg7 69. hxg5 h4 70. Rh6 h3 71. Kf5 h2 72. Rxh2 Kg8 73. Kf6 Kf8 74. Rh8# 1-0


[Site "https://www.chess.com"]

[Event "Titled Tuesday Blitz July 13 2021"]
[White "Ogloblin, Nikolay"]
[Black "Pourkashiyan, Atousa"]
[WhiteFideId "4139658"]
[BlackFideId "12502014"]
[WhiteElo "2244"]
[BlackElo "2285"]
[Result "0-1"]
[Round "08"]
[TimeControl "180+1"]
[Date "2021.07.13"]
[WhiteClock "0:01:28"]
[BlackClock "0:00:18"]

1. d4 Nf6 2. Nf3 e6 3. e3 Be7 4. Bd3 O-O 5. O-O b6 6. c4 Bb7 7. Nc3 c5 8. d5 exd5 9. cxd5 d6 10. e4 Nbd7 11. h3 a6 12. a4 Re8 13. Bf4 Bf8 14. Re1 g6 15. Bh2 Rc8 16. Nd2 Ne5 17. Bf1 c4 18. Bxe5 Rxe5 19. Nxc4 Re8 20. Nd2 Nd7 21. Rc1 Bg7 22. Qf3 Nc5 23. b4 Nd7 24. Nc4 Ne5 25. Nxe5 Bxe5 26. Qe3 Bxc3 27. Rxc3 Bxd5 28. Rxc8 Qxc8 29. Qxb6 Bxe4 30. Qxa6 Qc3 31. Qb5 Qxe1 32. Qxe8+ Kg7 33. b5 Qb1 34. a5 Bd3 35. b6 Qxf1+ 36. Kh2 Ba6 37. Qe3 Qb5 38. Qc3+ Qe5+ 39. Qxe5+ dxe5 40. Kg3 f5 41. f4 e4 42. Kf2 Kf6 43. Ke3 Ke6 44. g4 Kd6 45. Kd4 Kc6 46. g5 Kb5 47. h4 Kxa5 48. Ke5 e3 49. Kf6 e2 50. Kg7 e1=Q 51. Kxh7 Qe6 52. h5 gxh5 53. g6 Bc4 54. g7 Qg8+ 55. Kg6 h4 56. b7 h3 57. Kxf5 h2 58. Ke5 Qxg7+ 59. Kd6 Qxb7 60. f5 h1=Q 61. f6 Qhd5# 0-1


[Site "https://www.chess.com"]

[Event "Titled Tuesday Blitz July 13 2021"]
[White "Ozates, Tuna"]
[Black "Plotnikov, Pavel"]
[WhiteFideId "6354521"]
[BlackFideId "4170342"]
[WhiteElo "1872"]
[BlackElo "2298"]
[Result "1-0"]
[Round "08"]
[TimeControl "180+1"]
[Date "2021.07.13"]
[WhiteClock "0:01:24"]
[BlackClock "0:00:14"]

1. d4 Nf6 2. Bg5 Ne4 3. Bf4 d5 4. e3 e6 5. Bd3 c5 6. Nf3 Nc6 7. O-O Be7 8. c4 O-O 9. cxd5 exd5 10. Nc3 Nxc3 11. bxc3 c4 12. Bc2 Bg4 13. e4 dxe4 14. Bxe4 Qd7 15. d5 Na5 16. Ne5 Bxd1 17. Nxd7 Rfd8 18. Rfxd1 Rxd7 19. Bf5 Rd6 20. Bxd6 Bxd6 21. Re1 g6 22. Bd7 Rd8 23. Re8+ Rxe8 24. Bxe8 Kf8 25. Re1 Be7 26. Bd7 a6 27. a4 Nb3 28. Bc8 Nc5 29. a5 Bd6 30. Rb1 Ke7 31. Bxb7 Bc7 32. Bc8 Bxa5 33. Bxa6 Nxa6 34. Ra1 Bxc3 35. Rxa6 Bd2 36. Rc6 c3 37. Kf1 Kd7 38. Ke2 Ke7 39. Kd3 Be1 40. f4 Bd2 41. g3 Kd7 42. Rxc3 Bxc3 43. Kxc3 Kd6 44. Kd4 f6 45. Kc4 f5 46. Kd4 h6 47. h4 h5 48. Kc4 Kd7 49. Kc5 Kc7 50. d6+ Kd7 51. Kd5 Kd8 52. Ke6 Ke8 53. Kf6 Kd7 54. Kxg6 Kxd6 55. Kxf5 Kd5 56. Kg5 Kd4 57. Kxh5 Ke3 58. Kg4 Kd3 59. h5 Ke3 60. h6 Kd3 61. h7 Ke3 62. h8=Q Kd3 63. Qe5 Kc2 64. f5 Kb1 65. f6 Ka2 66. f7 Kb1 67. f8=Q Ka2 68. Qb5 Ka1 69. Qa8# 1-0


[Site "https://www.chess.com"]

[Event "Titled Tuesday Blitz July 13 2021"]
[White "Ozen, Bahadir"]
[Black "Maevsky, Nikolay"]
[WhiteFideId "6337058"]
[BlackFideId "4198220"]
[WhiteElo "2503"]
[BlackElo "2213"]
[Result "1-0"]
[Round "08"]
[TimeControl "180+1"]
[Date "2021.07.13"]
[WhiteClock "0:00:52"]
[BlackClock "0:00:10"]

1. Nf3 Nf6 2. b3 d5 3. e3 Bf5 4. Bb2 e6 5. Be2 Nbd7 6. O-O a5 7. c4 c6 8. d3 h6 9. Nbd2 Be7 10. a3 O-O 11. Qc2 Bh7 12. Bc3 Re8 13. Rfd1 b5 14. cxb5 cxb5 15. b4 a4 16. Qb2 Qb6 17. Rac1 Rac8 18. Ne5 Bf8 19. Bd4 Qb7 20. Ndf3 Nb8 21. Bc5 Nfd7 22. Bxf8 Nxf8 23. d4 Nbd7 24. Nd3 Nb6 25. Nc5 Qc6 26. Ne5 Qd6 27. Bxb5 Re7 28. Nxa4 Rec7 29. Nc5 f6 30. Nf3 Be4 31. Nd2 Bf5 32. a4 Ra8 33. a5 Nc8 34. Bf1 Nd7 35. Ndb3 Nb8 36. b5 Rca7 37. Ra1 Nd7 38. b6 Ndxb6 39. axb6 Nxb6 40. Rxa7 Rxa7 41. Ra1 Rxa1 42. Qxa1 Nd7 43. Nxd7 Qxd7 44. Qa8+ Kh7 45. Nc5 Qc7 46. Qa3 Qd6 47. Bd3 Bxd3 48. Qxd3+ f5 49. g3 Qb6 50. Kg2 h5 51. h4 Kh6 52. Qd1 g5 53. hxg5+ Kxg5 54. Qf3 Qd6 55. Qf4+ Qxf4 56. Nxe6+ Kg4 57. Nxf4 h4 58. gxh4 Kxh4 59. Nxd5 Kg4 60. Nf4 Kh4 61. Kf3 Kg5 62. Ke2 Kg4 63. d5 1-0


[Site "https://www.chess.com"]

[Event "Titled Tuesday Blitz July 13 2021"]
[White "Paravyan, David"]
[Black "Howell, David W L"]
[WhiteFideId "4194985"]
[BlackFideId "410608"]
[WhiteElo "2878"]
[BlackElo "3013"]
[Result "1/2-1/2"]
[Round "08"]
[TimeControl "180+1"]
[Date "2021.07.13"]
[WhiteClock "0:00:08"]
[BlackClock "0:00:22"]

1. c4 c6 2. Qa4 d5 3. cxd5 Qxd5 4. Nc3 Qd8 5. Nf3 g6 6. d4 Bg7 7. e4 Nf6 8. e5 Nd5 9. Nxd5 Qxd5 10. Bc4 Qe4+ 11. Be2 O-O 12. Be3 Nd7 13. O-O Nb6 14. Qb3 Be6 15. Ng5 Bxb3 16. Nxe4 Bc4 17. Bxc4 Nxc4 18. Rac1 Nb6 19. Nc5 Rab8 20. b4 Rfd8 21. a4 Nd5 22. b5 cxb5 23. axb5 Bf8 24. Ra1 Nc3 25. Rxa7 Nxb5 26. Rxb7 Nxd4 27. Rxb8 Ne2+ 28. Kh1 Rxb8 29. Nd7 Rb7 30. e6 fxe6 31. Nxf8 Kxf8 32. g3 Kf7 33. Kg2 Nc3 34. Rc1 Nd5 35. Bd4 Rb4 36. Ba1 Ra4 37. Be5 Re4 38. Ba1 g5 39. h3 h5 40. Rd1 Re2 41. Kf1 Ra2 42. Bd4 Kg6 43. Re1 Kf7 44. Re5 Rd2 45. Be3 Nxe3+ 46. Rxe3 Rd5 47. Kg2 Kf6 48. Ra3 Rb5 49. Ra8 Rb4 50. Rf8+ Kg7 51. Re8 Rb7 52. Ra8 Rc7 53. Ra4 Rc5 54. h4 g4 55. Ra6 Kf6 56. Rb6 Kf5 57. Rb8 Kf6 58. Rf8+ Kg7 59. Re8 Kf7 60. Rh8 Kg7 61. Re8 Kf7 62. Rh8 Kg7 63. Re8 1/2-1/2


[Site "https://www.chess.com"]

[Event "Titled Tuesday Blitz July 13 2021"]
[White "Pastar, Slaven"]
[Black "Viskelis, Darius"]
[WhiteFideId "14402718"]
[BlackFideId "12800830"]
[WhiteElo "2150"]
[BlackElo "2006"]
[Result "1-0"]
[Round "08"]
[TimeControl "180+1"]
[Date "2021.07.13"]
[WhiteClock "0:00:03"]
[BlackClock "0:00:01"]

1. b3 b6 2. Bb2 Bb7 3. Nf3 Nf6 4. g3 e6 5. Bg2 Be7 6. O-O O-O 7. c4 d6 8. Qc2 Nbd7 9. d4 Ne4 10. Nbd2 f5 11. Rac1 Ndf6 12. Nxe4 Nxe4 13. d5 Bf6 14. Nd4 Bxd4 15. Bxd4 e5 16. Bxe4 fxe4 17. Be3 c6 18. Qxe4 cxd5 19. cxd5 Rc8 20. b4 Qf6 21. b5 Qf7 22. Rc6 Bxc6 23. bxc6 Qf5 24. Qa4 Rc7 25. Bc1 e4 26. Qd4 Re8 27. Bf4 Rcc8 28. Rc1 g5 29. Be3 Re5 30. Rd1 Rf8 31. Qb4 Rf6 32. c7 Qc8 33. Bd4 Rf7 34. Bxe5 dxe5 35. d6 Qf5 36. Rf1 e3 37. f3 Qd7 38. Rc1 Rf8 39. Qc4+ Kg7 40. c8=Q Rxc8 41. Qxc8 Qb5 42. Rc7+ Kh6 43. Qe6+ Kh5 44. Rxh7# 1-0


[Site "https://www.chess.com"]

[Event "Titled Tuesday Blitz July 13 2021"]
[White "Peralta, Eduardo"]
[Black "Shahade, Gregory"]
[WhiteFideId "3700062"]
[BlackFideId "2009064"]
[WhiteElo "2205"]
[BlackElo "2715"]
[Result "1-0"]
[Round "08"]
[TimeControl "180+1"]
[Date "2021.07.13"]
[WhiteClock "0:00:01"]
[BlackClock "0:00:02"]

1. d4 Nf6 2. c4 g6 3. Nc3 d5 4. Nf3 Bg7 5. cxd5 Nxd5 6. e4 Nxc3 7. bxc3 c5 8. Rb1 O-O 9. Be2 cxd4 10. cxd4 Qa5+ 11. Bd2 Qxa2 12. O-O Bg4 13. Bg5 h6 14. Be3 Nc6 15. d5 Na5 16. Bc5 b6 17. Bxe7 Rfe8 18. d6 Nc6 19. Bb5 Nxe7 20. Bxe8 Rxe8 21. dxe7 Qe6 22. h3 Bxf3 23. Qxf3 Qxe7 24. Rfe1 Qe6 25. Qd3 Bf8 26. Qa6 Re7 27. Rbd1 Bg7 28. Rd8+ Kh7 29. f4 Bc3 30. Re2 Qf6 31. Qd3 Rc7 32. g3 Bb4 33. e5 Rc1+ 34. Kh2 Qc6 35. Qe4 Qc5 36. Rg2 Re1 37. Qa8 g5 38. Rh8+ Kg6 39. Qd8 Qc6 40. g4 gxf4 41. Qg8# 1-0


[Site "https://www.chess.com"]

[Event "Titled Tuesday Blitz July 13 2021"]
[White "Petukhov, Dmitry"]
[Black "Musovic, Armin"]
[WhiteFideId "4142748"]
[BlackFideId "939935"]
[WhiteElo "2356"]
[BlackElo "2250"]
[Result "0-1"]
[Round "08"]
[TimeControl "180+1"]
[Date "2021.07.13"]
[WhiteClock "0:00:42"]
[BlackClock "0:01:21"]

1. e4 c6 2. c3 d5 3. exd5 cxd5 4. d4 Nc6 5. Nf3 Nf6 6. Bd3 g6 7. O-O Bg7 8. Re1 O-O 9. Ne5 Re8 10. Bg5 Nd7 11. Nxc6 bxc6 12. Qe2 Nf8 13. Nd2 f6 14. Bh4 Be6 15. Nb3 Bf7 16. Nc5 Qb6 17. b4 e5 18. Qd2 exd4 19. cxd4 f5 20. Bf1 a5 21. bxa5 Qxa5 22. Qxa5 Rxa5 23. Rxe8 Bxe8 24. a4 Rxc5 25. dxc5 Bxa1 26. a5 Bd7 27. a6 Bc8 28. a7 Bb7 29. Ba6 Ba8 30. Bc8 Kf7 31. Kf1 Bd4 32. Bg3 Bxc5 33. Bb8 Ke7 34. Ke2 Ne6 35. g3 Nd4+ 36. Kd3 Nb5 37. f4 Bxa7 0-1


[Site "https://www.chess.com"]

[Event "Titled Tuesday Blitz July 13 2021"]
[White "Piesik, Piotr"]
[Black "Zong, Davis"]
[WhiteFideId "1136194"]
[BlackFideId "30903955"]
[WhiteElo "2354"]
[BlackElo "2401"]
[Result "1-0"]
[Round "08"]
[TimeControl "180+1"]
[Date "2021.07.13"]
[WhiteClock "0:01:49"]
[BlackClock "0:00:09"]

1. Nf3 Nf6 2. g3 d5 3. Bg2 c6 4. O-O Bg4 5. d3 Nbd7 6. Nbd2 e5 7. e4 dxe4 8. dxe4 Bc5 9. h3 Bh5 10. Qe1 O-O 11. Nh4 a5 12. a4 Qc7 13. Nf5 Rad8 14. Nc4 b6 15. g4 Bg6 16. Ng3 Nb8 17. Qe2 b5 18. axb5 cxb5 19. Nxa5 b4 20. h4 h6 21. h5 Bh7 22. g5 hxg5 23. Bxg5 Qb6 24. Nc4 Qe6 25. Ra5 Bd4 26. b3 Nc6 27. Ra6 Ra8 28. Rxa8 Rxa8 29. Nf5 Rc8 30. Bh3 Kh8 31. Kg2 Bxf5 32. Bxf5 Qe8 33. Nd6 Qd8 34. Nxf7+ Kg8 35. Nxd8 1-0


[Site "https://www.chess.com"]

[Event "Titled Tuesday Blitz July 13 2021"]
[White "Quparadze, Giga"]
[Black "Nakamura, Hikaru"]
[WhiteFideId "13602250"]
[BlackFideId "2016192"]
[WhiteElo "2961"]
[BlackElo "3228"]
[Result "1/2-1/2"]
[Round "08"]
[TimeControl "180+1"]
[Date "2021.07.13"]
[WhiteClock "0:00:53"]
[BlackClock "0:01:07"]

1. e4 e5 2. Nf3 Nc6 3. Bb5 Nf6 4. O-O Nxe4 5. Bxc6 dxc6 6. Nxe5 Be7 7. Nc3 Nxc3 8. bxc3 O-O 9. Re1 Re8 10. d3 Bd6 11. Nc4 Rxe1+ 12. Qxe1 Bf8 13. Bf4 b6 14. Qe5 Be6 15. Qxc7 Bxc4 16. dxc4 Qxc7 17. Bxc7 Rc8 18. Be5 f6 19. Bd4 Ba3 20. Rb1 Re8 21. Kf1 Bd6 22. g3 c5 23. Be3 Kf7 24. Rd1 Ke6 25. Kg2 Be5 26. Rd3 f5 27. Bf4 Bf6 28. Re3+ Kf7 29. Rxe8 Kxe8 30. Bd2 Kd7 31. Kf3 g6 32. Ke2 Kc6 33. Kd3 Kb7 34. Bf4 Kc6 35. Bb8 Kb7 36. Bf4 Kc6 37. Bb8 a6 38. a4 Kb7 39. Bd6 Kc6 40. Bb8 Bg7 41. Bf4 Bf6 42. h4 Bg7 43. Bb8 Bf6 44. Bf4 1/2-1/2


[Site "https://www.chess.com"]

[Event "Titled Tuesday Blitz July 13 2021"]
[White "Reprintsev, Alexander"]
[Black "Nasyrova, Ekaterina"]
[WhiteFideId "14100541"]
[BlackFideId "44157797"]
[WhiteElo "2126"]
[BlackElo "2115"]
[Result "1-0"]
[Round "08"]
[TimeControl "180+1"]
[Date "2021.07.13"]
[WhiteClock "0:01:22"]
[BlackClock "0:00:03"]

1. e4 e5 2. f4 d5 3. exd5 exf4 4. Nf3 Nf6 5. Bb5+ Bd7 6. Bxd7+ Nbxd7 7. O-O Bd6 8. Re1+ Be7 9. c4 O-O 10. d4 Bd6 11. c5 Nxc5 12. dxc5 Bxc5+ 13. Kh1 Nxd5 14. Nc3 Nxc3 15. bxc3 Qf6 16. Qd5 Bb6 17. Qxb7 Rad8 18. Ba3 c5 19. Qe4 Qxc3 20. Qa4 Rd3 21. Bxc5 Qxc5 22. Qxf4 Qc2 23. a4 Rb3 24. a5 Bc7 25. Qc1 Rc3 26. Qxc2 Rxc2 27. Nd4 Rc4 28. Nb5 Bb8 29. a6 Rb4 30. Rab1 Rxb1 31. Rxb1 h6 32. g3 Rc8 33. Rb2 Kf8 34. Kg2 Ke7 35. Kf3 Kd7 36. Re2 Rc5 37. Rb2 Bc7 38. Nxa7 Ba5 39. Rb7+ Kd6 40. Rxf7 Bb6 41. Rxg7 Ra5 42. Nc8+ Kc6 43. Rg6+ Kc7 44. Nxb6 1-0


[Site "https://www.chess.com"]

[Event "Titled Tuesday Blitz July 13 2021"]
[White "Rosenberg, Evan S"]
[Black "Gracia Alvarez, Gerardo Antonio"]
[WhiteFideId "2019299"]
[BlackFideId "5109124"]
[WhiteElo "2373"]
[BlackElo "2148"]
[Result "0-1"]
[Round "08"]
[TimeControl "180+1"]
[Date "2021.07.13"]
[WhiteClock "0:00:14"]
[BlackClock "0:00:06"]

1. Nf3 c5 2. e4 Nc6 3. Bb5 g6 4. Bxc6 dxc6 5. h3 Bg7 6. O-O Nf6 7. Qe2 Nd7 8. e5 Nf8 9. a4 Ne6 10. d3 O-O 11. a5 Nd4 12. Nxd4 Qxd4 13. Re1 Be6 14. Nd2 b6 15. Nf3 Qd7 16. axb6 axb6 17. Rxa8 Rxa8 18. b3 h6 19. Bd2 Ra2 20. Rc1 Bd5 21. Ne1 g5 22. Qe3 Qf5 23. Bc3 Qf4 24. Qxf4 gxf4 25. Ra1 Rxa1 26. Bxa1 Kh7 27. c4 Be6 28. f3 Kg6 29. d4 cxd4 30. Nd3 Kf5 31. Bxd4 c5 32. Bf2 f6 33. b4 Bxc4 34. Nb2 Bd5 35. bxc5 b5 36. exf6 Bxf6 37. Nd3 Bc3 38. Kf1 b4 39. Ke2 b3 40. Kd1 Ba5 41. Nb2 Ke6 42. Be1 Bxe1 43. Kxe1 Kd7 44. Kd2 Kc6 45. Kc3 Kxc5 46. Nd3+ Kc6 47. Nxf4 Bf7 48. Nd3 Kd6 49. Nb2 Ke5 50. Nd1 Kf4 51. Nb2 Kg3 52. f4 Kxf4 53. g4 Kg3 54. Nd3 Kxh3 55. Ne5 Be6 56. Nf3 Kxg4 57. Nd4 Bd5 58. Ne2 h5 59. Nd4 h4 60. Ne2 h3 61. Ng1 h2 62. Ne2 h1=Q 63. Nd4 Qe4 64. Nb5 Qc4+ 65. Kb2 Qxb5 66. Ka1 Qa4+ 67. Kb1 Qa2+ 68. Kc1 Qc2# 0-1


[Site "https://www.chess.com"]

[Event "Titled Tuesday Blitz July 13 2021"]
[White "Rustemov, Alexander"]
[Black "Yoo, Christopher Woojin"]
[WhiteFideId "4119002"]
[BlackFideId "30909694"]
[WhiteElo "2782"]
[BlackElo "2105"]
[Result "0-1"]
[Round "08"]
[TimeControl "180+1"]
[Date "2021.07.13"]
[WhiteClock "0:00:22"]
[BlackClock "0:00:03"]

1. d4 Nf6 2. c4 e6 3. Nf3 d5 4. cxd5 exd5 5. Nc3 Bb4 6. Bg5 h6 7. Bxf6 Qxf6 8. Qa4+ Nc6 9. e3 O-O 10. Be2 a6 11. O-O Qd6 12. Rfc1 Bd7 13. Qb3 Ne7 14. a3 Ba5 15. Ne5 Be6 16. Na4 b6 17. Qc2 c5 18. Nf3 c4 19. b4 cxb3 20. Qxb3 Rfc8 21. h3 Rxc1+ 22. Rxc1 Rc8 23. Rb1 b5 24. Nc5 Bf5 25. Bd3 Bxd3 26. Qxd3 Ra8 27. a4 bxa4 28. Nxa4 Bb4 29. Ne5 a5 30. Qb3 Rc8 31. Nd3 Rc4 32. Nac5 Nc6 33. g3 h5 34. h4 g6 35. Kg2 Rc3 36. Qa4 Rc4 37. Qb5 Kg7 38. Qb7 Nd8 39. Qc8 Ne6 40. Nxe6+ Qxe6 41. Qxe6 fxe6 42. Kf3 Kf6 43. Rb2 Kf5 44. Nxb4 Rxb4 45. Rc2 a4 46. Rc8 Kf6 47. Rf8+ Kg7 48. Ra8 Rc4 49. Kf4 Kf6 50. f3 e5# 0-1


[Site "https://www.chess.com"]

[Event "Titled Tuesday Blitz July 13 2021"]
[White "Samsonkin, Artiom"]
[Black "Alavkin, Arseny"]
[WhiteFideId "13503111"]
[BlackFideId "4120612"]
[WhiteElo "2513"]
[BlackElo "2401"]
[Result "0-1"]
[Round "08"]
[TimeControl "180+1"]
[Date "2021.07.13"]
[WhiteClock "0:00:03"]
[BlackClock "0:00:48"]

1. e4 e6 2. d4 d5 3. Nc3 Bb4 4. Ne2 dxe4 5. a3 Be7 6. Nxe4 Nf6 7. Nxf6+ Bxf6 8. Be3 b6 9. Qd2 Bb7 10. O-O-O Nd7 11. Ng3 Qe7 12. Nh5 O-O-O 13. Be2 Bxg2 14. Rhg1 Bb7 15. Nxg7 Rhg8 16. Nh5 Bh8 17. Bg5 f6 18. Bh4 Qf7 19. Qf4 Rdf8 20. Rxg8 Qxg8 21. Bc4 e5 22. dxe5 fxe5 23. Bxg8 exf4 24. Be6 Bc6 25. Bg5 Be5 26. Re1 Bd6 27. Nf6 h6 28. Nxd7 Bxd7 29. Bxh6 Rh8 30. Bg5 Rxh2 31. f3 Bxe6 32. Rxe6 Rf2 33. Rf6 Rxf3 34. Kd2 Rf1 35. Kd3 Kb7 36. Rf7 Rf2 37. b4 b5 38. c4 Rf3+ 39. Ke4 Re3+ 40. Kd4 bxc4 41. Bxf4 Rf3 42. Ke4 Rxf4+ 43. Rxf4 Bxf4 44. Kxf4 Kb6 45. Ke4 Kb5 46. Kd4 Ka4 47. Kxc4 Kxa3 48. b5 Ka4 49. Kc5 Ka5 50. Kc4 Ka4 51. Kc5 Kb3 0-1


[Site "https://www.chess.com"]

[Event "Titled Tuesday Blitz July 13 2021"]
[White "Sarkar, Justin"]
[Black "Kubatko, Ivan"]
[WhiteFideId "2010011"]
[BlackFideId "24111473"]
[WhiteElo "2072"]
[BlackElo "2285"]
[Result "0-1"]
[Round "08"]
[TimeControl "180+1"]
[Date "2021.07.13"]
[WhiteClock "0:00:05"]
[BlackClock "0:00:45"]

1. e4 d5 2. exd5 Qxd5 3. Nc3 Qa5 4. d4 Nf6 5. Bc4 Bg4 6. f3 Be6 7. Bxe6 fxe6 8. Ne2 Nc6 9. Nf4 O-O-O 10. Nxe6 Rd6 11. Qe2 Qf5 12. Nxf8 Nxd4 13. Qxe7 Nxc2+ 14. Kf2 Qc5+ 15. Kg3 Nh5+ 16. Kh3 Nf4+ 17. Bxf4 Rh6+ 18. Bxh6 Qxe7 0-1


[Site "https://www.chess.com"]

[Event "Titled Tuesday Blitz July 13 2021"]
[White "Sellitti, Federico"]
[Black "Gogolev, Artem"]
[WhiteFideId "821829"]
[BlackFideId "4116615"]
[WhiteElo "2601"]
[BlackElo "2191"]
[Result "0-1"]
[Round "08"]
[TimeControl "180+1"]
[Date "2021.07.13"]
[WhiteClock "0:00:16"]
[BlackClock "0:00:13"]

1. e4 c6 2. d4 d5 3. exd5 cxd5 4. Bd3 Nc6 5. Nf3 Bg4 6. c3 e6 7. Bf4 Bd6 8. Bxd6 Qxd6 9. Nbd2 Nf6 10. O-O O-O 11. Qe1 Bxf3 12. Nxf3 Rab8 13. Ne5 b5 14. f4 b4 15. Qh4 bxc3 16. bxc3 Ne4 17. Rf3 Ne7 18. Rh3 h6 19. g4 Ng6 20. Nxg6 fxg6 21. Bxe4 dxe4 22. Qf2 Rxf4 23. Qe2 Rbf8 24. Re3 Rf2 25. Qxf2 Rxf2 26. Kxf2 Qxh2+ 27. Ke1 Qg1+ 28. Kd2 Qxa1 29. Rxe4 Qxa2+ 30. Kd3 Qb1+ 31. Ke3 a5 32. Re5 a4 33. Ra5 Qb3 34. Kd3 a3 35. Ra8+ Kh7 36. g5 a2 0-1


[Site "https://www.chess.com"]

[Event "Titled Tuesday Blitz July 13 2021"]
[White "Seul, Georg"]
[Black "Makhmudov, Shukhrat"]
[WhiteFideId "4601653"]
[BlackFideId "14200775"]
[WhiteElo "2332"]
[BlackElo "2135"]
[Result "0-1"]
[Round "08"]
[TimeControl "180+1"]
[Date "2021.07.13"]
[WhiteClock "0:01:40"]
[BlackClock "0:01:58"]

1. e4 e5 2. Nc3 Nc6 3. Bc4 Nf6 4. d3 Bb4 5. Ne2 d5 6. exd5 Nxd5 7. O-O Be6 8. Bxd5 Bxd5 9. f4 O-O 10. f5 f6 11. Nxd5 Qxd5 12. Ng3 Rfd8 13. Ne4 Be7 14. Be3 Nd4 15. Kh1 Qd7 16. g4 Qc6 17. c3 Nb5 18. Qb3+ Kh8 19. Rad1 Rxd3 0-1


[Site "https://www.chess.com"]

[Event "Titled Tuesday Blitz July 13 2021"]
[White "Shahinyan, David"]
[Black "De Silva, L M S T"]
[WhiteFideId "13304380"]
[BlackFideId "9953698"]
[WhiteElo "2372"]
[BlackElo "1621"]
[Result "0-1"]
[Round "08"]
[TimeControl "180+1"]
[Date "2021.07.13"]
[WhiteClock "0:00:03"]
[BlackClock "0:00:12"]

1. e4 d6 2. d4 Nd7 3. Nc3 g6 4. Nf3 Bg7 5. Be2 e5 6. O-O Ne7 7. dxe5 dxe5 8. a4 O-O 9. Be3 h6 10. a5 a6 11. Nd2 f5 12. f3 f4 13. Bf2 Qe8 14. Nc4 Kh7 15. b4 g5 16. b5 Ng6 17. Nd5 Qd8 18. b6 cxb6 19. axb6 Nf6 20. Bc5 Rh8 21. Nc7 Rb8 22. Nd6 Qd7 23. Nf5 Qc6 24. Qd6 Qxd6 25. Nxd6 Bf8 26. Rfd1 Bd7 27. Bc4 Be7 28. Bf2 Kg7 29. Nf5+ Bxf5 30. exf5 Nf8 31. Rd3 N8d7 32. Ne6+ Kh7 33. Re1 Rhc8 34. Nc7 Bc5 35. Red1 Bxf2+ 36. Kxf2 Nxb6 37. Bf7 Rxc7 38. Bg6+ Kg7 0-1


[Site "https://www.chess.com"]

[Event "Titled Tuesday Blitz July 13 2021"]
[White "Sharapov, Evgeny"]
[Black "Tanenbaum, Zachary"]
[WhiteFideId "14103133"]
[BlackFideId "2060850"]
[WhiteElo "2367"]
[BlackElo "2165"]
[Result "0-1"]
[Round "08"]
[TimeControl "180+1"]
[Date "2021.07.13"]
[WhiteClock "0:00:05"]
[BlackClock "0:00:12"]

1. c4 e5 2. Nc3 Nc6 3. g3 Nf6 4. Bg2 Bc5 5. e3 O-O 6. Nge2 Re8 7. O-O d6 8. d4 Bb6 9. b3 Ne7 10. Bb2 Ng6 11. Qc2 c6 12. Rad1 Qe7 13. dxe5 dxe5 14. Rd2 e4 15. Na4 Ba5 16. Bc3 Bxc3 17. Naxc3 Bg4 18. h3 Bf3 19. Nd4 Bxg2 20. Kxg2 Rad8 21. Rfd1 Qe5 22. Nde2 Rxd2 23. Qxd2 h5 24. Qd6 Qf5 25. Nf4 Ne5 26. h4 Qg4 27. Qd2 Nf3 28. Qe2 Nxh4+ 29. Kf1 Nf3 30. Kg2 g5 31. Nh3 Nh4+ 32. Kh2 Nf3+ 33. Kg2 h4 34. Nxe4 Rxe4 35. Qxf3 Qxf3+ 36. Kxf3 g4+ 37. Kg2 gxh3+ 38. Kxh3 hxg3 39. Kxg3 Kf8 40. Kf3 Ke7 41. Rh1 Re6 42. Rh8 Rd6 43. Rb8 Rd7 44. Kf4 b6 45. f3 c5 46. e4 Ke6 47. a3 Rd3 48. Rb7 Rxb3 49. Rxa7 Nd7 50. a4 Ne5 51. a5 f6 52. axb6 Rxf3# 0-1


[Site "https://www.chess.com"]

[Event "Titled Tuesday Blitz July 13 2021"]
[White "Shevchenko, Kirill"]
[Black "Tsaruk, Maksim"]
[WhiteFideId "14129574"]
[BlackFideId "13511173"]
[WhiteElo "2569"]
[BlackElo "2184"]
[Result "1-0"]
[Round "08"]
[TimeControl "180+1"]
[Date "2021.07.13"]
[WhiteClock "0:00:24"]
[BlackClock "0:00:04"]

1. d3 d5 2. Nd2 g6 3. e4 dxe4 4. dxe4 Bg7 5. Ngf3 Nf6 6. Bc4 O-O 7. O-O Nc6 8. c3 Bg4 9. Qc2 Qd7 10. e5 Nh5 11. Qe4 Qf5 12. Re1 Qxe4 13. Rxe4 Bf5 14. g4 Bxe4 15. Nxe4 Na5 16. Be2 f5 17. Nc5 fxg4 18. Ng5 Bxe5 19. Nd7 Bxh2+ 20. Kg2 Nf4+ 21. Bxf4 Bxf4 22. Ne6 Rf7 23. b4 Nc6 24. Bc4 Bd6 25. Ng5 Nd8 26. Rh1 h5 27. Re1 Kg7 28. Bxf7 Nxf7 29. Ne6+ Kh6 30. c4 Ng5 31. c5 Nxe6 32. cxd6 exd6 33. Rxe6 Rd8 34. Re7 Kg5 35. Rf7 b6 36. Nf8 Rxf8 37. Rxf8 c5 38. Rd8 cxb4 39. Rxd6 h4 40. Rd4 h3+ 41. Kg3 Kf5 42. Rf4+ 1-0


[Site "https://www.chess.com"]